cohdb
Replays
Latest Replays
All Replays
Popular Replays
Top Player Replays
Match Explorer
How It Works
Community
CoH3 Stats
Reddit
Sign in to upload your games and track your stats! →
Sign in with Steam
Match 43686491
Unlisted
Match 43686491
Overview
Messages
Build Orders
End
Scout Squad
Selects Airborne Battlegroup
Selects Heavy Machine Gun Paradrop
Heavy Machine Gun Paradrop
Engineer Squad
Heavy Machine Gun Paradrop
Infantry Support Center
Heavy Machine Gun Paradrop
Construct Weapon Support Center
M3 Armored Personnel Carrier
M3 Armored Personnel Carrier
M3 Armored Personnel Carrier
Construct Tank Depot
Selects Paratrooper Squad Paradrop
Selects Anti-tank Gun Team Paradrop
Selects Recon Loiter
Recon Loiter
Paratrooper Squad Paradrop
Selects Supply Drop
Supply Drop
M4A1 Sherman Medium Tank
ConcernedApe
badiba
Kubaaaa
Pik7
0
0
Comments
sign in to comment!
No comments posted yet!